 Dungeon Crawl Stone Soup version 0.29-a0-653-gd47aff6735 (webtiles) character file.

Game seed: 11720928483975187571

92548 zeratav the Marksspriggan (level 15, -8/80 HPs)
             Began as a Spriggan Arcane Marksman on June 21, 2022.
             Was the Champion of Dithmenos.
             Mangled by a manticore (21 damage)
             ... on level 15 of the Dungeon.
             The game lasted 01:05:12 (21626 turns).

zeratav the Marksspriggan (SpAM)                   Turns: 21626, Time: 01:05:13

Health: -8/80      AC:  7    Str:  6    XL:     15   Next: 58%
Magic:  30/30      EV: 30    Int: 15    God:    Dithmenos [******]
Gold:   4200       SH:  5    Dex: 23    Spells: 24/34 levels left

rFire   . . .      SeeInvis +   D - +9 shortbow (flame) {bow}
rCold   . . .      Faith    .   (shield currently unavailable)
rNeg    . . .      Spirit   .   F - +0 troll leather armour
rPois   .          Reflect  +   u - +1 hat
rElec   .          Harm     .   K - +1 cloak {Will+}
rCorr   .          Rampage  .   (gloves unavailable)
Will    +++..                   (boots unavailable)
Stlth   ++++++++++              a - amulet of reflection
HPRegen 1.03/turn               e - +4 ring of slaying
MPRegen 0.22/turn               H - +4 ring of slaying

@: lethally poisoned (-8 -> -11), about to teleport, wreathed by umbra, very
quick
A: very small, no large weapons, unfitting armour, see invisible, speed 3
a: Renounce Religion, Shadow Step, Shadow Form


You were on level 15 of the Dungeon.
You worshipped Dithmenos.
Dithmenos was exalted by your worship.
You visited 4 branches of the dungeon, and saw 24 of its levels.
You also visited: Ice Cave.

You collected 4297 gold pieces.
You spent 97 gold pieces at shops.


Innate Abilities, Weirdness & Mutations

You are very small and have problems with some larger weapons.
You are too small for most types of armour.
You have supernaturally acute eyesight. (SInv)
You cover ground extremely quickly. (Speed+++)


   Skills:
 - Level 10.0 Fighting
 - Level 16.0 Bows
 - Level 15.0 Dodging
 + Level 11.5 Stealth
 - Level 10.0 Spellcasting
 - Level 15.0 Hexes
 - Level 10.0 Translocations
 - Level 10.0 Evocations


You had 24 spell levels left.
You knew the following spells:

 Your Spells              Type           Power      Damage    Failure   Level
a - Blink                 Tloc           74%        N/A       1%          2
b - Portal Projectile     Hex/Tloc       90%        N/A       1%          3
c - Cause Fear            Hex            25%        N/A       1%          4
d - Slow                  Hex            100%       N/A       1%          1

Your spell library contained the following spells:

 Spells                   Type           Power      Damage    Failure   Level
 Confusing Touch          Hex            51%        N/A       1%          3
 Inner Flame              Hex/Fire       30%        N/A       1%          3
 Lesser Beckoning         Tloc           37%        N/A       1%          3
 Manifold Assault         Tloc           37%        N/A       7%          5
 Beastly Appendage        Tmut           14%        N/A       16%         1
 Freeze                   Ice            28%        1d5       16%         1
 Yara's Violent Unravell  Hex/Tmut       15%        3d8       19%         5
 Poisonous Vapours        Pois/Air       14%        N/A       22%         2
 Static Discharge         Conj/Air       7%         N/A       22%         2
 Wereblood                Tmut           7%         N/A       22%         2
 Enfeeble                 Hex            25%        N/A       26%         7
 Frozen Ramparts          Ice            14%        1d3       41%         3
 Spider Form              Tmut/Pois      7%         N/A       41%         3
 Corpse Rot               Necr/Pois/Air  7%         N/A       83%         4
 Dispel Undead            Necr           7%         3d8       83%         4
 Hailstorm                Conj/Ice       7%         3d4       83%         4
 Sticky Flame             Conj/Fire      7%         2d3       83%         4
 Fireball                 Conj/Fire      3%         3d4       99%         5
 Iskenderun's Battlesphe  Conj           7%         2d6       99%         5
 Lightning Bolt           Conj/Air       3%         1d15      99%         5
 Conjure Ball Lightning   Conj/Air       3%         3x3d6     100%        6
 Death Channel            Necr           3%         N/A       100%        6
 Orb of Destruction       Conj           3%         9d5       100%        7
 Maxwell's Capacitive Co  Air            3%         ∞         100%        8

Inventory:

Hand Weapons
 b - a +0 vampiric rapier {short}
   (You found it on level 6 of the Dungeon)
 v - a +0 executioner's axe {axerare=g}
   (You took it off a centaur on level 14 of the Dungeon)
 D - a +9 shortbow of flaming (weapon) {bow}
   (You found it on level 7 of the Dungeon)
Armour
 u - a +1 hat (worn)
   (You found it on level 13 of the Dungeon)
 y - a +1 robe of cold resistance
   (You took it off an orc wizard on level 6 of the Dungeon)
 z - +1 ice dragon scales
   (You found it in an ice cave)
 A - a scarf of resistance
   (You found it in an ice cave)
 C - a +2 robe of willpower
   (You took it off an orc sorcerer on level 2 of the Orcish Mines)
 F - a +0 troll leather armour (worn)
   (You found it on level 10 of the Dungeon)
 K - a +1 cloak of willpower (worn)
   (You found it on level 1 of the Lair of Beasts)
Jewellery
 a - an amulet of reflection (around neck)
   (You found it on level 7 of the Dungeon)
 e - a +4 ring of slaying (left hand)
   (You found it on level 1 of the Dungeon)
 w - the ring "Buur" {rC+ Will+}
   (You acquired it on level 6 of the Dungeon)

   [ring of protection from cold]

   rC:        It protects you from cold.
   Will:      It increases your willpower.
 H - a +4 ring of slaying (right hand)
   (You found it on level 10 of the Dungeon)
 L - a ring of flight
   (You found it on level 1 of the Lair of Beasts)
 T - a ring of resist corrosion
   (You found it on level 5 of the Lair of Beasts)
 V - a ring of ice
   (You took it off Fannar on level 1 of the Orcish Mines)
Wands
 s - a wand of polymorph (15)
   (You found it on level 4 of the Dungeon)
 G - a wand of iceblast (12)
   (You found it on level 10 of the Dungeon)
 J - a wand of digging (6)
   (You found it on level 1 of the Lair of Beasts)
 P - a wand of paralysis (9)
   (You found it on level 2 of the Lair of Beasts)
 Y - a wand of quicksilver (4)
   (You found it in an ice cave)
Scrolls
 c - 10 scrolls of vulnerability {!r!r}
 d - a scroll of fog
 g - 3 scrolls of immolation {!r!r}
 h - 10 scrolls of teleportation {@r4}
 i - a scroll of magic mapping {!r}
 j - 2 scrolls of blinking {!r}
 l - 5 scrolls of amnesia
 M - a scroll of summoning
 N - 2 scrolls of brand weapon
 O - 2 scrolls of enchant weapon
 Q - a scroll of poison {!r}
 R - a scroll of torment {!r}
 X - a scroll of silence {!r}
 Z - a scroll of fear
Potions
 k - 7 potions of heal wounds {@q2}
 m - 13 potions of curing {@q1}
 n - 3 potions of attraction {!q}
 o - 3 potions of berserk rage {!q}
 p - 2 potions of ambrosia
 q - 2 potions of might
 r - 4 potions of mutation {!q}
 t - 6 potions of brilliance
 x - a potion of lignification {!q}
 B - 5 potions of magic
 E - 2 potions of flight
 I - a potion of invisibility
 S - a potion of haste {@q3}
 U - a potion of resistance
 W - a potion of cancellation {unknown}

Dungeon Overview and Level Annotations

Branches:
Dungeon (15/15) Zot: 26638  Temple (1/1) D:6 Zot: 5840    Lair (6/6) D:8 Zot: 25799
 Shoals (0/4) Lair:3       Spider (0/4) Lair:3        Slime (0/5) Lair:5
    Orc (2/2) D:9 Zot: 10814     Elf (0/3) Orc:2        Vaults (0/5) D:14
 Depths (0/4) D:15          IceCv (visited)

Altars:
Ashenzari
Cheibriados
Dithmenos
Elyvilon
Fedhas
Gozag
Hepliaklqana
Kikubaaqudgha
Makhleb
Nemelex Xobeh
Okawaru
Qazlal
Ru
Sif Muna
Trog
Uskayaw
Vehumet
Wu Jian
Xom
Yredelemnul
Zin
The Shining One

Shops:
Orc:1 **   Orc:2 (!*:

Portals:
Hell: Lair:6

Annotations:
D:6 1 runed translucent door, SirDiesAlot's ghost, novice OgGl

................
................
...............# ##
.............≈.# ..#
............... #..
######......###+###.#
#.........#.§§#
#.......≈.#§H§#
#.........#@Ys#
#......###D###§#
#......#.§## #
.........#..
..........###
#..........
#..?........
#............


You could see a dire elephant, a five-headed hydra, a wolf spider and a
manticore.


Message History

You feel the dreadful sensation subside.
Your +9 shortbow of flaming {bow} bursts into flame!
D - a +9 shortbow of flaming (weapon)
{bow} The manticore misses you.
The manticore completely misses you. x2
Why would you want to do that?
Unknown command.
The dire elephant trumpets!
The five-headed hydra roars!
Really attack while wielding your +9 shortbow of flaming {bow}? [Y]es or [N]o only, please.
Really attack while wielding your +9 shortbow of flaming {bow}?
Okay, then.
Shoot: D) +9 shortbow (flame) {bow}
Press: ? - help, Q - select action, (/) - cycle Shift-Dir - straight line, f - wolf spider
Aim: a wolf spider (umbra, 81% to hit)
You shoot an arrow.
The arrow barely misses the wolf spider.
The wolf spider misses you. The wolf spider bites you!
You are poisoned.
The wolf spider poisons you!
The manticore flicks its tail.
The volley of spikes hits you!
The barbed spikes become lodged in your body.
You emit a cloud of dark smoke.
HP[-22]
You take 22 damage, and now have 58/80 hp.
MASSIVE DAMAGE!! (PAUSE) Shoot: D) +9 shortbow (flame) {bow}
Press: ? - help, Q - select action, (/) - cycle Shift-Dir - straight line, f/p - wolf spider
Aim: a wolf spider (black smoke, umbra, 81% to hit)
You shoot an arrow.
The arrow closely misses the wolf spider.
You feel very sick. The wolf spider closely misses you.
The wolf spider completely misses you. The wolf spider hits you!
The wolf spider misses you.
The dire elephant completely misses you.
The dire elephant misses you.
HP[-13]
You take 13 damage, and now have 45/80 hp.
The barbs in your skin will harm you if you move.
Continue? [Y]es or [N]o only, please.
The barbs in your skin will harm you if you move.
Continue?
Okay, then.
As you read the scroll of teleportation {@r4}, it crumbles to dust.
You feel strangely unstable.
You feel very sick.
The wolf spider misses you. x2; The dire elephant tramples you.
* * * LOW HITPOINT WARNING * * *
You stumble backwards!
The manticore completely misses you. x3
HP[-6]
You take 6 damage, and now have 39/80 hp.
Okay, then.
Shoot: D) +9 shortbow (flame) {bow}
Press: ? - help, Q - select action, (/) - cycle Shift-Dir - straight line, f/p - wolf spider
Aim: a wolf spider (black smoke, umbra, 81% to hit)
You shoot an arrow. The arrow hits the manticore.
The arrow burns the manticore.
Your shadow shoots an arrow.
The arrow closely misses the manticore.
The arrow barely misses the wolf spider.
You feel very sick. The five-headed hydra bites you.
* * * LOW HITPOINT WARNING * * *
The five-headed hydra barely misses you.
The five-headed hydra completely misses you.
The five-headed hydra barely misses you.
The five-headed hydra closely misses you.
HP[-4]
You take 4 damage, and now have 35/80 hp.
Shoot: D) +9 shortbow (flame) {bow}
Press: ? - help, Q - select action, (/) - cycle Shift-Dir - straight line, f/p - wolf spider
Aim: a wolf spider (black smoke, umbra, 81% to hit)
You shoot an arrow. The arrow hits the dire elephant!
The arrow burns the dire elephant.
Your shadow shoots an arrow.
The arrow completely misses the dire elephant.
The arrow hits the wolf spider.
You feel very sick. The dire elephant misses you.
The dire elephant completely misses you.
You block the manticore's attack. The manticore misses you.
The manticore completely misses you.
The five-headed hydra completely misses you. x2
The five-headed hydra bites you!
* * * LOW HITPOINT WARNING * * *
You block the five-headed hydra's attack.
The five-headed hydra barely misses you.
HP[-15]
You take 15 damage, and now have 20/80 hp.
Shoot: D) +9 shortbow (flame) {bow}
Press: ? - help, Q - select action, (/) - cycle Shift-Dir - straight line, f/p - wolf spider
Aim: a wolf spider (black smoke, lightly wounded, umbra, 81% to hit)
You shoot an arrow. The arrow hits the dire elephant.
The arrow burns the dire elephant.
You carefully extract the barbed spikes from your body.
You feel sick.
The dire elephant completely misses you.
The dire elephant trunk-slaps you.
* * * LOW HITPOINT WARNING * * *
The manticore bites you!!
You die...

Skill      XL: |  1  2  3  4  5  6  7  8  9 10 11 12 13 14 15 |
---------------+----------------------------------------------+-----
Stealth        | 2 4 5 10 11 | 11.5
Bows           | 3 5 6 8 10 11 12 14 16 | 16.0
Fighting       | 1 3 5 7 10 | 10.0
Dodging        | 3 6 9 10 14 15 | 15.0
Evocations     | 1 5 10 | 10.0
Hexes          | 9 10 11 15 | 15.0
Translocations | 5 9 10 | 10.0
Spellcasting   | 10 | 10.0

Action                   |  1- 3 |  4- 6 |  7- 9 | 10-12 | 13-15 || total
-------------------------+-------+-------+-------+-------+-------++-------
 Fire: Shortbow          |    86 |   148 |   263 |   578 |  1129 ||  2204
 Cast: Slow              |     4 |     5 |    10 |    12 |     3 ||    34
       Cause Fear        |       |       |       |       |     6 ||     6
       Portal Projectile |       |       |       |       |     2 ||     2
  Use: Scroll            |       |     5 |     5 |    14 |    19 ||    43
Armor: Robe              |    13 |    12 |     3 |     5 |     1 ||    34
       Troll leather arm |       |       |       |     5 |    12 ||    17
Dodge: Dodged            |    31 |    45 |    47 |    79 |   238 ||   440
Block: Other             |       |       |       |       |    12 ||    12
       Reflection        |       |       |       |       |     3 ||     3

Levels and vault maps discovered:
D:1:      evilmike_arrival_crescent, layout_basic
D:2:      cheibrodos_greedy_goblins, layout_rooms, basic_altar,
          minmay_joined_circles, uniq_robin
D:3:      layout_rooms, hellmonk_ecumenical_altar_prayer_group
D:4:      layout_rooms, uniq_edmund, uniq_ijyb
D:5:      layout_rooms, kennysheep_mini, grunt_decor_arrowhead,
          hangedman_decor_slide_cut, due_unseen_surprise
D:6:      layout_basic, gammafunk_temple_overflow_statue,
          minmay_temple_entry_water_ring, gammafunk_ghost_grave, minmay_bent
D:7:      kennysheep_big_flooded_room, layout_loops_corners,
          mainiacjoe_overflow_alcove_1
D:8:      kennysheep_blocky_room, layout_basic, grunt_dithmenos_shadows,
          lair_entry_dummy, uniq_maggie
D:9:      layout_roguey, mainiacjoe_overflow_paths,
          mainiacjoe_overflow_boulevard, nicolae_concentric_dashed_squares_wild,
          hangedman_ranch, uniq_grum
D:10:     layout_cave_pools, tso_oasis_becter, serial_column_ruins,
          column_ruins_square_medium, column_ruins_hut_ruined,
          column_ruins_corridor_straight, column_ruins_grid_1,
          column_ruins_corridor_plus, column_ruins_open_tiny,
          column_ruins_grid_2, column_ruins_corridor_corner
D:11:     layout_small_grid
D:12:     layout_basic, nicolae_ru_path_of_blood, uniq_nessos
D:13:     layout_grid_maze, uniq_urug, uniq_josephine
D:14:     layout_cross, david_vaults_4, grunt_decor_resistance,
          eino_tiny_chamber
D:15:     hangedman_depths_entry_try_elsewhere_first, layout_irregular_city,
          chequers_serial_rivers_marsh, xom_shifter_show
Temple:   minmay_temple_curvy_branch
Lair:1:   layout_roguey
Lair:2:   layout_hall_layers, serial_bayou_shore_b
Lair:3:   layout_roguey, minmay_shoals_entry_lonely_mermaid,
          hellmonk_spider_entry_life_and_decay, nicolae_lair_grove_arrangements
Lair:4:   layout_roguey, lemuel_fruit_tree, uniq_kirke
Lair:5:   layout_small_grid, minmay_slime_entry_pillars, minmay_lair_drake_nest,
          grunt_megastairs_5, infiniplex_staircase_pool_2
Lair:6:   evil_forest, layout_regular_city, st_stairs_12
Orc:1:    layout_diamond_mine, portal_ice_cave_entry_imps, serial_shops,
          nicolae_shop_competitors_out_of_business, nicolae_shop_gadgets,
          uniq_fannar, uniq_gastronok
Orc:2:    st_orc_mages, layout_caves

Notes
Turn   | Place    | Note
-------+----------+-------------------------------------------
     0 | D:1      | zeratav the Spriggan Arcane Marksman began the quest for
                  | the Orb.
     0 | D:1      | Reached XP level 1. HP: 9/9 MP: 3/3
     0 | D:1      | magus.rc [v1.9.6]
    19 | D:1      | Reached skill level 1 in Stealth
   216 | D:1      | Reached skill level 2 in Stealth
   235 | D:1      | Reached XP level 2. HP: 14/14 MP: 5/5
   245 | D:1      | Reached skill level 3 in Stealth
   464 | D:1      | Reached skill level 4 in Stealth
   769 | D:1      | You pick up a book of Vapours and begin reading...
   769 | D:1      | You add the spells Poisonous Vapours and Corpse Rot to your
                  | library.
   873 | D:2      | Reached XP level 3. HP: 17/17 MP: 6/6
   970 | D:2      | Found a shimmering altar of Xom.
   986 | D:2      | Reached skill level 5 in Stealth
  1090 | D:2      | Noticed Robin
  1103 | D:2      | Killed Robin
  1104 | D:2      | Reached skill level 3 in Bows
  1235 | D:2      | Reached XP level 4. HP: 19/21 MP: 7/7
  1423 | D:3      | Reached skill level 4 in Bows
  1428 | D:3      | You pick up a book of Changes and begin reading...
  1428 | D:3      | You add the spells Beastly Appendage, Wereblood and Spider
                  | Form to your library.
  1801 | D:3      | Found a faded altar of an unknown god.
  1982 | D:4      | Reached skill level 5 in Bows
  1982 | D:4      | Reached XP level 5. HP: 25/25 MP: 8/8
  2009 | D:4      | Noticed Ijyb
  2029 | D:4      | Killed Ijyb
  2275 | D:4      | Noticed Edmund
  2335 | D:4      | Killed Edmund
  2336 | D:4      | Reached skill level 6 in Bows
  2336 | D:4      | Reached XP level 6. HP: 21/29 MP: 7/9
  2569 | D:5      | Entered Level 5 of the Dungeon
  2575 | D:4      | Reached skill level 7 in Bows
  2835 | D:4      | Reached skill level 8 in Bows
  2835 | D:4      | Reached XP level 7. HP: 28/32 MP: 7/10
  2894 | D:5      | Identified a scroll of acquirement
  2895 | D:5      | Acquired 695 gold pieces
  2927 | D:5      | You pick up a book of Decay and begin reading...
  2927 | D:5      | You add the spells Dispel Undead and Death Channel to your
                  | library.
  2999 | D:5      | Reached skill level 9 in Bows
  3296 | D:5      | Reached skill level 10 in Bows
  3355 | D:5      | Found a stormy altar of Qazlal.
  3377 | D:5      | Reached skill level 1 in Fighting
  3377 | D:5      | Reached skill level 3 in Dodging
  3397 | D:5      | Reached XP level 8. HP: 37/37 MP: 11/11
  3561 | D:6      | Found an ornate altar of the Wu Jian Council.
  3561 | D:6      | Found a hazy altar of Hepliaklqana.
  3895 | D:6      | Reached skill level 4 in Dodging
  3898 | D:6      | Noticed a two-headed ogre
  3906 | D:6      | Reached skill level 2 in Fighting
  3962 | D:6      | HP: 6/39 [two-headed ogre/+0 dire flail (25)]
  3990 | D:6      | Killed a two-headed ogre
  3991 | D:6      | Reached skill level 3 in Fighting
  3991 | D:6      | Reached skill level 11 in Bows
  3991 | D:6      | Reached skill level 5 in Dodging
  4226 | D:6      | Acquired the ring "Buur" {rC+ Will+}
  4250 | D:6      | Found a staircase to the Ecumenical Temple.
  4263 | Temple   | Entered the Ecumenical Temple
  4526 | D:6      | Reached skill level 6 in Dodging
  4660 | D:6      | Reached XP level 9. HP: 45/45 MP: 12/12
  4696 | D:6      | Identified the +8 mace "Obroask" {speed, rCorr}
  4746 | D:6      | Reached skill level 4 in Fighting
  4753 | D:6      | Reached skill level 7 in Dodging
  5352 | D:6      | Found a runed translucent door.
  5352 | D:6      | Noticed SirDiesAlot's ghost (novice OgGl)
  5506 | D:7      | Paralysed by a hornet for 1 turns
  5710 | D:7      | Reached skill level 12 in Bows
  5710 | D:7      | Reached skill level 8 in Dodging
  5854 | D:7      | You pick up a book of Spatial Translocations and begin
                  | reading...
  5854 | D:7      | You add the spells Blink, Lesser Beckoning and Manifold
                  | Assault to your library.
  5978 | D:7      | Reached skill level 5 in Fighting
  6023 | D:7      | Reached skill level 9 in Dodging
  6027 | D:7      | Found a blossoming altar of Fedhas.
  6096 | D:7      | Acquired 377 gold pieces
  6260 | D:7      | Reached XP level 10. HP: 51/51 MP: 13/13
  6675 | D:8      | Noticed Maggie
  6843 | D:8      | You pick up a book of Touch and begin reading...
  6843 | D:8      | You add the spells Static Discharge and Sticky Flame to
                  | your library.
  7026 | D:8      | HP: 5/53 [Maggie/bolt of fire (18)]
  7360 | D:8      | Killed Maggie
  7361 | D:8      | Reached skill level 6 in Fighting
  7361 | D:8      | Reached skill level 13 in Bows
  7451 | D:8      | Reached skill level 10 in Dodging
  7466 | D:8      | Noticed a two-headed ogre
  7503 | D:8      | Killed a two-headed ogre
  7570 | D:8      | Noticed a cyclops
  7587 | D:8      | Killed a cyclops
  7619 | D:8      | Noticed a gargoyle
  7655 | D:8      | Killed a gargoyle
  7656 | D:8      | Reached skill level 7 in Fighting
  7768 | D:8      | Reached skill level 14 in Bows
  7811 | D:8      | Found a staircase to the Lair.
  7915 | D:8      | Found a shadowy altar of Dithmenos.
  7993 | D:8      | Became a worshipper of Dithmenos the Shadowed
  8362 | D:9      | Found a shimmering altar of Xom.
  8426 | D:9      | Noticed Grum
  8431 | D:9      | Killed Grum
  8432 | D:9      | Reached XP level 11. HP: 58/58 MP: 14/14
  8614 | D:9      | Found a basalt altar of Yredelemnul.
  8649 | D:9      | Reached * piety under Dithmenos
  8654 | D:9      | Reached skill level 8 in Fighting
  8913 | D:9      | Found a staircase to the Orcish Mines.
  9110 | D:9      | Noticed a three-headed hydra
  9139 | D:9      | Killed a three-headed hydra
  9140 | D:9      | Reached skill level 15 in Bows
  9226 | D:10     | Entered Level 10 of the Dungeon
  9359 | D:10     | Noticed a two-headed ogre
  9377 | D:10     | Killed a two-headed ogre
  9519 | D:10     | Reached ** piety under Dithmenos
  9588 | D:10     | Found a glowing golden altar of the Shining One.
  9999 | Lair:1   | Entered Level 1 of the Lair of Beasts
 10003 | Lair:1   | You pick up a book of Frost and begin reading...
 10003 | Lair:1   | You add the spells Freeze, Frozen Ramparts and Hailstorm to
                  | your library.
 10222 | Lair:1   | Noticed a six-headed hydra
 10238 | Lair:1   | Killed a six-headed hydra
 10239 | Lair:1   | Reached skill level 9 in Fighting
 10254 | Lair:1   | You pick up a book of Vapours and begin reading...
 10646 | Lair:2   | Reached skill level 16 in Bows
 11030 | Lair:2   | Reached skill level 10 in Fighting
 11056 | Lair:2   | Reached skill level 1 in Evocations
 11056 | Lair:2   | Reached XP level 12. HP: 67/67 MP: 15/15
 11316 | Lair:2   | Reached skill level 4 in Hexes
 11396 | Lair:3   | Reached skill level 2 in Evocations
 11454 | Lair:3   | Reached skill level 6 in Stealth
 11469 | Lair:3   | Reached skill level 3 in Evocations
 11582 | Lair:3   | Reached skill level 5 in Hexes
 11587 | Lair:3   | Reached *** piety under Dithmenos
 11588 | Lair:3   | Reached skill level 7 in Stealth
 11590 | Lair:3   | Reached skill level 4 in Evocations
 11699 | Lair:3   | Noticed a five-headed hydra
 11707 | Lair:3   | Killed a five-headed hydra
 11749 | Lair:3   | Found a hole to the Spider Nest.
 11923 | Lair:3   | Reached skill level 8 in Stealth
 11923 | Lair:3   | Reached skill level 5 in Evocations
 11931 | Lair:3   | Reached skill level 6 in Hexes
 12209 | Lair:3   | Found a staircase to the Shoals.
 12402 | Lair:4   | You pick up a book of Spatial Translocations and begin
                  | reading...
 12473 | Lair:4   | Reached skill level 9 in Stealth
 12490 | Lair:4   | Reached skill level 7 in Hexes
 12492 | Lair:4   | Noticed Kirke
 12503 | Lair:4   | Killed Kirke
 12504 | Lair:4   | Reached skill level 2 in Translocations
 12616 | Lair:4   | Reached skill level 10 in Stealth
 12657 | Lair:4   | Reached skill level 3 in Translocations
 12727 | Lair:4   | Noticed a death yak
 12740 | Lair:4   | Noticed a death yak
 12741 | Lair:4   | Noticed a death yak
 12755 | Lair:4   | Reached skill level 4 in Translocations
 12766 | Lair:4   | Killed a death yak
 12767 | Lair:4   | Reached skill level 8 in Hexes
 12769 | Lair:4   | Noticed a death yak
 12773 | Lair:4   | Noticed a death yak
 12775 | Lair:4   | Reached skill level 5 in Translocations
 12788 | Lair:4   | Killed a death yak
 12805 | Lair:4   | Killed a death yak
 12806 | Lair:4   | Reached skill level 9 in Hexes
 12830 | Lair:3   | Killed a death yak
 12879 | Lair:3   | Killed a death yak
 12879 | Lair:3   | Reached **** piety under Dithmenos
 12883 | Lair:3   | Reached XP level 13. HP: 72/72 MP: 16/16
 13344 | Lair:5   | Reached skill level 10 in Hexes
 13506 | Lair:5   | Reached skill level 6 in Evocations
 13604 | Lair:5   | Reached skill level 11 in Dodging
 13604 | Lair:5   | Reached skill level 7 in Evocations
 13669 | Lair:5   | Found a staircase to the Slime Pits.
 13761 | Lair:5   | You pick up a book of the Spheres and begin reading...
 13761 | Lair:5   | You add the spells Iskenderun's Battlesphere, Fireball,
                  | Conjure Ball Lightning and Orb of Destruction to your
                  | library.
 14122 | Lair:6   | Entered Level 6 of the Lair of Beasts
 14159 | Lair:5   | Reached skill level 8 in Evocations
 14233 | Lair:6   | Reached skill level 12 in Dodging
 14308 | Lair:5   | Reached skill level 9 in Evocations
 14450 | Lair:6   | Reached ***** piety under Dithmenos
 14479 | Lair:6   | Reached skill level 13 in Dodging
 14485 | Lair:6   | You pick up a book of Lightning and begin reading...
 14485 | Lair:6   | You add the spells Lightning Bolt and Maxwell's Capacitive
                  | Coupling to your library.
 14500 | Lair:6   | Reached skill level 10 in Evocations
 14684 | Lair:6   | Reached skill level 14 in Dodging
 14738 | Lair:6   | Learned a level 3 spell: Portal Projectile
 14743 | Lair:6   | Learned a level 4 spell: Cause Fear
 14858 | Lair:6   | Reached XP level 14. HP: 74/77 MP: 17/17
 15011 | Lair:6   | Reached skill level 15 in Dodging
 15011 | Lair:6   | Reached skill level 2 in Spellcasting
 15044 | Lair:6   | Reached skill level 3 in Spellcasting
 15065 | Lair:6   | Reached skill level 4 in Spellcasting
 15418 | Lair:6   | Reached skill level 5 in Spellcasting
 15466 | Lair:6   | Found a burning altar of Makhleb.
 15514 | Lair:6   | Reached skill level 6 in Spellcasting
 15594 | Lair:6   | Found a gateway to Hell.
 15602 | Lair:6   | You pick up a book of Misfortune and begin reading...
 15602 | Lair:6   | You add the spells Confusing Touch, Yara's Violent
                  | Unravelling and Enfeeble to your library.
 15623 | Lair:6   | Reached skill level 7 in Spellcasting
 15702 | Lair:6   | Upgraded the game from 0.29-a0-648-g6b26cc9f40 to
                  | 0.29-a0-653-gd47aff6735
 15702 | Lair:6   | magus.rc [v1.9.6]
 15874 | Orc:1    | Entered Level 1 of the Orcish Mines
 15928 | Orc:1    | Noticed Fannar
 15937 | Orc:1    | Killed Fannar
 15986 | Orc:1    | Reached skill level 8 in Spellcasting
 16024 | Orc:1    | Gastronok the Ponderous comes into view. He is wearing the
                  | +3 hat of Pondering {ponderous, Will+ MP+10 Int+5}.
 16024 | Orc:1    | Noticed Gastronok
 16030 | Orc:1    | Aim: Gastronok, wearing the +3 hat of Pondering {ponderous,
                  | Will+ MP+10 Int+5} (lightly wounded, umbra, 95% to hit)
 16030 | Orc:1    | Aim: Gastronok, wearing the +3 hat of Pondering {ponderous,
                  | Will+ MP+10 Int+5} (lightly wounded, umbra, 95% to hit)
 16040 | Orc:1    | Killed Gastronok
 16051 | Orc:1    | Found Qife's General Store.
 16059 | Orc:1    | Bought a scroll of enchant weapon for 97 gold pieces
 16128 | Orc:1    | Reached skill level 9 in Spellcasting
 16142 | Orc:1    | Reached ****** piety under Dithmenos
 16225 | Orc:1    | Found a frozen archway.
 16247 | IceCv    | Entered an ice cave
 16453 | IceCv    | Noticed a reaper
 16578 | IceCv    | Reached skill level 10 in Spellcasting
 16760 | IceCv    | Killed a reaper
 17285 | Orc:2    | Entered Level 2 of the Orcish Mines
 17322 | Orc:1    | Found Lisoyh Ohei's Gadget Gallery.
 17495 | Orc:2    | Reached skill level 6 in Translocations
 17653 | Orc:2    | Learned a level 2 spell: Blink
 17674 | Orc:2    | Reached skill level 7 in Translocations
 17790 | Orc:2    | Found Ganulig's General Store.
 17790 | Orc:2    | Found Lavieriej's Weapon Boutique.
 17808 | Orc:2    | Found Siwaik's Book Shop.
 17809 | Orc:2    | Found Oxonug's Distillery.
 17850 | Orc:2    | Reached skill level 11 in Hexes
 17954 | Orc:2    | Reached skill level 8 in Translocations
 18169 | Orc:2    | Found a staircase to the Elven Halls.
 18575 | D:11     | You fall into a shaft and drop 1 floor!
 18901 | D:12     | Found a sacrificial altar of Ru.
 19053 | D:12     | Reached skill level 9 in Translocations
 19141 | D:12     | Noticed Nessos
 19148 | D:12     | Killed Nessos
 19327 | D:12     | Reached XP level 15. HP: 80/80 MP: 30/30
 19336 | D:12     | Reached skill level 12 in Hexes
 19572 | D:13     | Noticed Josephine
 19575 | D:13     | Killed Josephine
 19576 | D:13     | Reached skill level 10 in Translocations
 19805 | D:13     | Noticed Urug
 19811 | D:13     | Killed Urug
 19947 | D:13     | Reached skill level 13 in Hexes
 20601 | D:14     | Reached skill level 14 in Hexes
 20681 | D:14     | v - a +0 executioner's axe {axerare=g}
 20902 | D:14     | Found a gate to the Vaults.
 20944 | D:14     | Reached skill level 15 in Hexes
 21133 | D:15     | Entered Level 15 of the Dungeon
 21249 | D:15     | Reached skill level 11 in Stealth
 21617 | D:15     | Found a staircase to the Depths.
 21625 | D:15     | HP: 20/80 [five-headed hydra (13)]
 21626 | D:15     | Mangled by a manticore

Vanquished Creatures
  Gastronok (Orc:1)
  Kirke (Lair:4)
  A reaper (IceCv)
  Nessos (D:12)
  An ettin (Orc:1)
  A fire dragon (D:15)
  Fannar (Orc:1)
  Josephine (D:13)
  A boulder beetle (D:12)
  10 hydras
  A hell beast (Lair:6)
  8 two-headed ogres
  A centaur warrior (D:14)
  A tengu warrior (D:13)
  9 death yaks
  4 orc high priests (Orc:2)
  Urug (D:13)
  3 orc knights
  2 wizards
  3 deep elf pyromancers
  3 orc sorcerers (Orc:2)
  7 cyclopes
  5 manticores
  9 ugly things (D:14)
  7 elephants
  4 black mambas
  A merfolk siren (Lair:3)
  An ice statue (IceCv)
  A gargoyle (D:8)
  An orange demon (Lair:6)
  8 cane toads
  Maggie (D:8)
  2 kobold demonologists
  An entropy weaver simulacrum (IceCv)
  3 ice devils (Lair:6)
  9 komodo dragons
  A hellwing (Lair:6)
  8 rime drakes
  A tengu conjurer (D:13)
  A red devil (Lair:6)
  5 polar bears
  A wind drake (shapeshifter) (D:13)
  7 trolls
  A hornet (D:7)
  23 slime creatures
  A tarantella (shapeshifter) (D:14)
  13 dream sheep
  4 culicivoras (Lair:3)
  A shadow (D:9)
  8 wyverns
  A dire elephant simulacrum (IceCv)
  A vampire (D:9)
  5 wraiths
  4 hogs (Lair:4)
  Grum (D:9)
  3 basilisks
  51 yaks
  4 steam dragons
  12 vampire mosquitoes
  3 death yak simulacra (IceCv)
  3 wargs
  2 acid dragons
  Edmund (D:4)
  2 harpy simulacra (IceCv)
  5 hell hounds (Lair:6)
  21 water moccasins
  29 orc warriors
  2 ice beasts
  3 black bears
  5 ogres
  A sky beast (D:7)
  20 wolves
  5 centaurs
  3 phantoms
  5 kobold brigands
  14 bullfrogs
  2 necrophages
  3 gnoll sergeants
  3 scorpions
  7 two-headed ogre simulacra (IceCv)
  4 cane toad simulacra (IceCv)
  8 wights
  8 killer bees
  2 elephant simulacra (IceCv)
  3 howler monkeys
  4 jellies
  30 orc priests
  A gnoll shaman (D:6)
  5 hounds
  5 iguanas
  Ijyb (D:4)
  29 orc wizards
  2 polar bear simulacra (IceCv)
  A hell rat (Lair:6)
  2 spriggan simulacra (IceCv)
  3 wolf simulacra (IceCv)
  7 gnolls
  Robin (D:2)
  6 adders
  2 naga simulacra (IceCv)
  A shadow imp (D:8)
  25 white imps
  13 ufetubi
  A worm (D:2)
  A dart slug (D:1)
  62 orcs
  7 ball pythons
  2 bats (D:3)
  5 endoplasms
  3 giant cockroaches
  22 goblins
  15 hobgoblins
  3 jackals (D:1)
  4 quokkas
  2 frilled lizards
  14 kobolds
  3 rats
718 creatures vanquished.

Vanquished Creatures (others)
  24 fungi
  31 plants
55 creatures vanquished.

Grand Total: 773 creatures vanquished

Table legend:
 A = Non-vault XP
 B = Vault XP
 C = Vault XP percentage of total XP
 D = Non-vault monster count
 E = Vault monster count
 F = Vault count percentage of total count
                 A         B        C        D         E       F
            +---------+---------+-------+---------+---------+-------
      Total |   92925 |   39287 |  29.7 |     486 |     232 |  32.3
            +---------+---------+-------+---------+---------+-------
        D:1 |      34 |       0 |   0.0 |      18 |       0 |   0.0
        D:2 |      10 |      70 |  87.5 |       6 |      30 |  83.3
        D:3 |      36 |       3 |   7.7 |      14 |       2 |  12.5
        D:4 |     207 |     194 |  48.4 |      18 |       2 |  10.0
        D:5 |     918 |       0 |   0.0 |      24 |       0 |   0.0
        D:6 |    1644 |     464 |  22.0 |      16 |       8 |  33.3
        D:7 |    1928 |     364 |  15.9 |      17 |       2 |  10.5
        D:8 |    2263 |    2074 |  47.8 |      21 |      10 |  32.3
        D:9 |    2430 |    2301 |  48.6 |      30 |      11 |  26.8
       D:10 |    2158 |       0 |   0.0 |      23 |       0 |   0.0
       D:11 |    3965 |       0 |   0.0 |      14 |       0 |   0.0
       D:12 |    4060 |    1019 |  20.1 |      21 |       1 |   4.5
       D:13 |    7333 |    2289 |  23.8 |      15 |       5 |  25.0
       D:14 |   12720 |    1992 |  13.5 |      35 |       4 |  10.3
       D:15 |    3731 |       0 |   0.0 |      13 |       0 |   0.0
     Lair:1 |    1100 |       0 |   0.0 |       3 |       0 |   0.0
     Lair:2 |    4080 |       0 |   0.0 |      19 |       0 |   0.0
     Lair:3 |    7505 |    1368 |  15.4 |      28 |       5 |  15.2
     Lair:4 |    4868 |    2203 |  31.2 |      17 |       5 |  22.7
     Lair:5 |    9980 |    3038 |  23.3 |      25 |      12 |  32.4
     Lair:6 |   14008 |    9391 |  40.1 |      49 |      27 |  35.5
      Orc:1 |    4464 |    2528 |  36.2 |      44 |      14 |  24.1
      Orc:2 |    3483 |    5620 |  61.7 |      16 |      43 |  72.9
      IceCv |       0 |    4369 | 100.0 |       0 |      51 | 100.0
            +---------+---------+-------+---------+---------+-------

Illustrated notes

Table legend:
 A = Kills in this place as a percentage of kills in entire the game.
 B = Kills by you in this place as a percentage of kills by you in the entire game.
 C = Kills by friends in this place as a percentage of kills by friends in the entire game.
 D = Other kills in this place as a percentage of other kills in the entire game.
 E = Experience gained in this place as a percentage of experience gained in the entire game.
 F = Experience gained in this place divided by the number of levels of this place that you have seen.
                   A       B       C       D       E      F
               +-------+-------+-------+-------+-------+----------------------
         Total | 100.0 | 100.0 |   N/A |   N/A | 100.0 | 5288.5
       Dungeon |  50.1 |  50.1 |   N/A |   N/A |  41.0 | 3613.8
          Lair |  26.5 |  26.5 |   N/A |   N/A |  43.5 | 9590.2
  Orcish Mines |  16.3 |  16.3 |   N/A |   N/A |  12.2 | 8047.5
      Ice Cave |   7.1 |   7.1 |   N/A |   N/A |   3.3 | 4369.0
               +-------+-------+-------+-------+-------+----------------------

Table legend: (Time is in decaauts)
 A = Elapsed time spent in this place.
 B = Non-inter-level travel time spent in this place.
 C = Inter-level travel time spent in this place.
 D = Time resting spent in this place.
 E = Time spent auto-exploring this place.
 F = Levels seen in this place.
 G = Mean time per level.
                   A        B        C        D        E       F      G
               +--------+--------+--------+--------+--------+-----+--------+
         Total |  15181 |  14376 |    805 |   2265 |   8080 |  25 |  607.2 |
       Dungeon |   9472 |   8956 |    516 |   1889 |   4868 |  15 |  631.5 |
        Temple |    159 |    155 |      4 |      0 |    154 |   1 |  159.0 |
          Lair |   3871 |   3668 |    203 |    132 |   2529 |   6 |  645.2 |
  Orcish Mines |   1185 |   1104 |     81 |    244 |    487 |   2 |  592.5 |
      Ice Cave |    492 |    492 |      0 |      0 |     40 |   1 |  492.0 |
               +--------+--------+--------+--------+--------+-----+--------+

Top non-repeatable levels by time:
     D:7: 1264 daAuts
     D:6: 1157 daAuts
  Lair:6: 1030 daAuts
     D:8: 849 daAuts
     D:9: 833 daAuts
     D:5: 752 daAuts
  Lair:3: 734 daAuts
   Orc:2: 657 daAuts
  Lair:5: 645 daAuts
     D:4: 619 daAuts
    D:13: 604 daAuts
     D:1: 586 daAuts
  Lair:4: 560 daAuts
  Lair:2: 544 daAuts
    D:14: 534 daAuts
